 Dungeon Crawl Stone Soup version 0.26-a0-597-gb535b0901c (webtiles) character file.

Game seed: 371248945472687116

3014 HoaS the Cruncher (level 10, -1/70 HPs)
             Began as a Formicid Fighter on Aug 29, 2020.
             Was a Believer of Makhleb.
             Slain by an orc warrior
             ... wielding a +0 short sword
              (9 damage)
             ... on level 8 of the Dungeon.
             The game lasted 00:15:09 (6845 turns).

HoaS the Cruncher (Formicid Fighter)                Turns: 6845, Time: 00:15:09

Health: -1/70      AC: 12    Str: 29    XL:     10   Next: 10%
Magic:  10/10      EV:  7    Int:  9    God:    Makhleb [**....]
Gold:   483        SH: 13    Dex: 10    Spells: 9/9 levels left

rFire    . . .     SeeInvis +   a - +1 quarterstaff
rCold    . . .     Faith    .   c - +1 kite shield
rNeg     . . .     Spirit   .   f - +0 plate armour
rPois    .         Reflect  .   (helmet unavailable)
rElec    .         Harm     .   g - +0 cloak
rCorr    .                      (no gloves)
MR       +....                  (no boots)
Stlth    ..........             j - amulet of the acrobat
HPRegen  0.21/turn              e - +6 ring of strength
MPRegen  0.12/turn              t - ring of stealth

@: no status effects
A: permanent stasis, dig shafts and tunnels, four strong arms, antennae 3
a: Dig, Shaft Self, Minor Destruction, Renounce Religion


You were on level 8 of the Dungeon.
You worshipped Makhleb.
Makhleb was pleased with you.
You visited 1 branch of the dungeon, and saw 8 of its levels.

You collected 483 gold pieces.

Inventory:

Hand Weapons
 a - a +1 quarterstaff (weapon)
Armour
 c - a +1 kite shield (worn)
 f - a +0 plate armour (worn)
 g - a +0 cloak (worn)
Jewellery
 e - a +6 ring of strength (left hand)
 j - an amulet of the acrobat (around neck)
 t - a ring of stealth (right hand)
Scrolls
 h - 3 scrolls of remove curse
 p - a scroll of magic mapping
 q - 2 scrolls of fear
 r - 2 scrolls of fog
Potions
 d - a potion of haste {unknown}
 i - a potion of invisibility {unknown}
 k - 3 potions of curing
 l - a potion of ambrosia {unknown}
 n - a potion of brilliance {unknown}
 o - a potion of lignification {unknown}
 s - a potion of heal wounds
 u - a potion of resistance {unknown}


   Skills:
 - Level 3.2 Fighting
 * Level 11.5 Staves
 - Level 3.2 Armour
 - Level 9.0 Shields


You had 9 spell levels left.
You didn't know any spells.
Your spell library contained the following spells:

 Spells                   Type           Power        Failure   Level
 Foxfire                  Conj/Fire      #...         99%         1
 Conjure Flame            Conj/Fire      #.......     100%        3
 Inner Flame              Hex/Fire       #.......     100%        3
 Sticky Flame             Conj/Fire      #.......     100%        4
 Fireball                 Conj/Fire      #.........   100%        5


Dungeon Overview and Level Annotations

Branches:
Dungeon (8/15)             Temple (0/1) D:7
   Lair: D:8-11

Altars:
Ashenzari
Cheibriados
Dithmenos
Elyvilon
Fedhas
Makhleb
Nemelex Xobeh
Qazlal
Ru
Sif Muna
Trog
Wu Jian
Xom
Yredelemnul

Annotations:
D:3 1 runed translucent door, PeterMcNeter's ghost, amateur PaFi


Innate Abilities, Weirdness & Mutations

You cannot be hasted, slowed, berserked, paralysed or teleported.
You can dig through walls and to a lower floor.
Your four strong arms can wield two-handed weapons with a shield.
You have a pair of large antennae on your head. (SInv)


Message History

The orc warrior is moderately wounded.
The orc warrior hits you with a +0 short sword!
* * * LOW HITPOINT WARNING * * *
You sock the orc warrior!
The orc warrior is severely wounded.
The orc warrior hits you with a +0 short sword.
* * * LOW HITPOINT WARNING * * *
Your plate armour prevents you from hitting the orc warrior.
The orc warrior is severely wounded.
You block the orc warrior's attack.
You hit the orc warrior but do no damage.
The orc warrior is severely wounded.
You closely miss the orc warrior.
The orc warrior is severely wounded.
The orc warrior hits you with a +0 short sword.
* * * LOW HITPOINT WARNING * * *
You hit the orc warrior but do no damage.
The orc warrior is severely wounded.
The orc warrior hits you with a +0 short sword!
You die...

##########.. ###...........
#............. #..........>..
............. #..........#
#########..........#
#.....@ooo..........
##########.#######....?......
#......!...# #.............#
#..........# #.#####.####+##
#........(.####.## #..#
#.......(..#≈≈≈≈≈≈ ≈≈≈≈≈
#.........>.≈≈≈≈≈≈ {≈≈≈≈≈.
#...........≈≈≈≈≈≈ ≈≈≈≈≈.
#....[..(...≈≈≈c≈≈


You could see an orc warrior and 2 orcs.

Vanquished Creatures
  Grinder (D:5)
  A hippogriff (D:6)
  4 yaks (D:6)
  A water moccasin (D:7)
  A phantom (D:4)
  2 centaurs (D:8)
  3 ogres
  2 bullfrogs
  2 scorpions
  6 killer bees (D:8)
  A howler monkey (D:6)
  4 wights (D:6)
  2 bullfrog zombies
  5 hounds
  3 orc priests
  2 orc wizards
  An iron imp (D:7)
  6 worker ants
  3 gnolls (D:2)
  A howler monkey skeleton (D:6)
  14 adders
  An ufetubus (D:8)
  An ooze (D:3)
  An adder zombie (D:5)
  2 worms
  3 leopard geckos
  12 orcs
  5 giant cockroaches
  5 goblins
  5 hobgoblins
  9 jackals
  4 kobolds
  2 quokkas
  A ball python (D:1)
  3 bats
  16 frilled lizards
  9 rats
144 creatures vanquished.

Notes
Turn   | Place    | Note
-------+----------+-------------------------------------------
     0 | D:1      | HoaS the Formicid Fighter began the quest for the Orb.
     0 | D:1      | Reached XP level 1. HP: 18/18 MP: 1/1
   363 | D:1      | Reached XP level 2. HP: 24/24 MP: 2/2
   783 | D:1      | Reached XP level 3. HP: 29/29 MP: 3/3
  1076 | D:2      | Reached skill level 3 in Staves
  1481 | D:2      | Reached XP level 4. HP: 35/35 MP: 4/4
  1555 | D:2      | Found a shattered altar of Ashenzari.
  1804 | D:2      | Reached skill level 4 in Staves
  1809 | D:2      | Reached XP level 5. HP: 36/41 MP: 5/5
  2133 | D:3      | Reached skill level 5 in Shields
  2349 | D:3      | Found a runed translucent door.
  2446 | D:3      | Noticed PeterMcNeter's ghost (amateur PaFi)
  2489 | D:3      | Reached XP level 6. HP: 47/47 MP: 6/6
  2620 | D:3      | Found a white marble altar of Elyvilon.
  2674 | D:3      | Found a basalt altar of Yredelemnul.
  2790 | D:4      | Noticed a fire elemental
  2790 | D:4      | Noticed a phantom
  2815 | D:4      | Noticed an air elemental
  2819 | D:4      | Found a stormy altar of Qazlal.
  2820 | D:4      | Noticed a water elemental
  2838 | D:4      | Killed a phantom
  2838 | D:4      | Reached skill level 5 in Staves
  3021 | D:4      | Reached XP level 7. HP: 50/52 MP: 7/7
  3125 | D:4      | Found a sacrificial altar of Ru.
  3265 | D:5      | Entered Level 5 of the Dungeon
  3282 | D:5      | Found a burning altar of Makhleb.
  3297 | D:5      | Reached skill level 6 in Staves
  3308 | D:5      | Became a worshipper of Makhleb the Destroyer
  3440 | D:5      | Found a bloodstained altar of Trog.
  4226 | D:5      | Found a shadowy altar of Dithmenos.
  4341 | D:5      | Found a shimmering altar of Xom.
  4342 | D:5      | Found an ornate altar of the Wu Jian Council.
  4369 | D:5      | Noticed Grinder
  4379 | D:5      | Killed Grinder
  4379 | D:5      | Reached skill level 7 in Staves
  4379 | D:5      | Reached XP level 8. HP: 27/58 MP: 8/8
  4692 | D:6      | Noticed a yak
  4692 | D:6      | Noticed a yak
  4693 | D:6      | Noticed a yak
  4710 | D:6      | Noticed a yak
  4714 | D:6      | Killed a yak
  4717 | D:6      | Killed a yak
  4717 | D:6      | Reached skill level 8 in Staves
  4732 | D:6      | Killed a yak
  4732 | D:6      | Reached XP level 9. HP: 60/64 MP: 9/9
  4752 | D:6      | Reached skill level 9 in Staves
  5105 | D:6      | Found a sparkling altar of Nemelex Xobeh.
  5159 | D:6      | Reached * piety under Makhleb
  5514 | D:6      | Noticed a hippogriff
  5534 | D:6      | Killed a hippogriff
  5534 | D:6      | Reached skill level 10 in Staves
  6035 | D:7      | Found a blossoming altar of Fedhas.
  6123 | D:7      | Found a staircase to the Ecumenical Temple.
  6336 | D:7      | Found a shimmering blue altar of Sif Muna.
  6465 | D:7      | Found a snail-covered altar of Cheibriados.
  6563 | D:8      | Got a distressingly furry ring mail
  6567 | D:8      | Identified the +5 ring mail "Beses" {rC+ Int+4 Dex+3} (You
                  | found it on level 8 of the Dungeon)
  6602 | D:8      | Reached skill level 11 in Staves
  6613 | D:8      | Reached XP level 10. HP: 58/70 MP: 10/10
  6616 | D:8      | Reached ** piety under Makhleb
  6845 | D:8      | Slain by an orc warrior

Illustrated notes

Levels and vault maps discovered:
D:1:      sevenhm_arrival_forest_fort_large_2, layout_basic
D:2:      layout_basic, lemuel_round_altar, minmay_lizard_pond
D:3:      layout_basic, kennysheep_ying_yang, ebering_ghost_reflecting_pool
D:4:      layout_gridville, overflow_temple_1_default,
          nicolae_qazlal_style_of_elements, hangedman_decor_riveting,
          supply_closet_lemuel
D:5:      layout_gridville, bloody_trog, makhleb_heckhound_becter,
          gammafunk_temple_overflow_statue,
          nicolae_dithmenos_through_a_glass_darkly, uniq_grinder
D:6:      layout_gridville, nemelex_xobeh_ov_fountains_minmay
D:7:      layout_loops_ring, slow_altar_2, nicolae_overflow_crystal_walls,
          overflow_temple_1_default, minmay_temple_entry_slanted
D:8:      nicolae_whirlpool, layout_basic

Skill      XL: |  1  2  3  4  5  6  7  8  9 |
---------------+----------------------------+-----
Shields        | 4 5 7 8 9 |  9.0
Staves         | 3 4 5 7 8 11 | 11.5
Fighting       | |  3.2
Armour         | |  3.2

Action                   |  1- 3 |  4- 6 |  7- 9 | 10-12 || total
-------------------------+-------+-------+-------+-------++-------
Melee: Quarterstaff      |   104 |   136 |   325 |    60 ||   625
 Abil: Dig               |       |     2 |     2 |       ||     4
  Use: Scroll            |     4 |     6 |     9 |       ||    19
       Potion            |       |       |     1 |       ||     1
Armor: Scale mail        |    17 |       |       |       ||    17
       Plate armour      |    36 |    45 |   117 |    14 ||   212
Dodge: Dodged            |    25 |    33 |    82 |     8 ||   148
Block: Kite shield       |    60 |    59 |   182 |    26 ||   327

Table legend: (Time is in decaauts)
 A = Elapsed time spent in this place.
 B = Non-inter-level travel time spent in this place.
 C = Inter-level travel time spent in this place.
 D = Time resting spent in this place.
 E = Time spent auto-exploring this place.
 F = Levels seen in this place.
 G = Mean time per level.
                   A        B        C        D        E       F      G
               +--------+--------+--------+--------+--------+-----+--------+
         Total |   6843 |   6568 |    275 |   1447 |   3756 |   8 |  855.4 |
       Dungeon |   6843 |   6568 |    275 |   1447 |   3756 |   8 |  855.4 |
               +--------+--------+--------+--------+--------+-----+--------+

Top non-repeatable levels by time:
     D:5: 1408 daAuts
     D:6: 1238 daAuts
     D:1: 1080 daAuts
     D:2: 903 daAuts
     D:3: 844 daAuts
     D:7: 574 daAuts
     D:4: 486 daAuts
     D:8: 307 daAuts
